 Dungeon Crawl Stone Soup version 0.18.1-48-g4cf74bf (webtiles) character file.

2197 Grapebear the Cleaver (level 9, -2/79 HPs)
             Began as a Hill Orc Berserker on Aug 25, 2016.
             Was an Elder of Trog.
             Succumbed to a green ugly thing's poison
             ... on level 8 of the Dungeon.
             The game lasted 00:22:52 (3276 turns).

Grapebear the Cleaver (Hill Orc Berserker)          Turns: 3276, Time: 00:22:53

Health: -2/79      AC: 12    Str: 23    XL:     9   Next: 34%
Magic:  9/9        EV:  9    Int:  7    God:    Trog [****..]
Gold:   172        SH:  4    Dex: 10    Spells: 0 memorised, 8 levels left

rFire  . . .     SeeInvis .     h - +0 war axe
rCold  + . .     Gourm    .     e - +0 chain mail
rNeg   . . .     Faith    .     i - +0 buckler
rPois  .         Spirit   .     (no helmet)
rElec  +         Dismiss  .     l - +0 cloak "Uzaquxe" {rElec rF- rC++ Slay+3}
rCorr  .         Reflect  .     c - +0 pair of gloves
SustAt .         Harm     .     (no boots)
MR     .....                    (no amulet)
Stlth  ..........               (no ring)
                                n - ring of fire

@: lethally poisoned (-2 -> -24), exhausted, slowed, very slow, not resistant to
hostile enchantments, extremely unstealthy
A: screaming 1
a: Berserk, Trog's Hand, Brothers in Arms, Burn Spellbooks, Renounce Religion


You were on level 8 of the Dungeon.
You worshipped Trog.
Trog was greatly pleased with you.
You were very full.

You visited 1 branch of the dungeon, and saw 8 of its levels.

You collected 172 gold pieces.

Inventory:

Hand Weapons
 d - a cursed -1 halberd
 f - a +3 quarterstaff of pain
 h - a +0 war axe (weapon)
 m - a +0 giant spiked club
Armour
 c - a +0 pair of gloves (worn)
 e - a +0 chain mail (worn)
 i - a +0 buckler (worn)
 l - the +0 cloak "Uzaquxe" (worn) {rElec rF- rC++ Slay+3}
   (You found it on level 4 of the Dungeon)

   It affects your accuracy and damage with ranged weapons and melee attacks
   (+3).
   It makes you vulnerable to fire.
   It greatly protects you from cold.
   It insulates you from electricity.
Jewellery
 n - a ring of fire (left hand)
Books
 b - a book of Spatial Translocations

   Spells                             Type                      Level
   a - Apportation                    Translocation                1
   b - Blink                          Translocation                2
   c - Shroud of Golubria             Charms/Translocation         2
   d - Portal Projectile              Translocation                3
   e - Teleport Other                 Translocation                3
   f - Passage of Golubria            Translocation                4
   Trog disapproves of the use of such an item.
Comestibles
 k - 2 fruits


   Skills:
 + Level 7.4 Fighting
 + Level 9.6 Axes
 + Level 6.0 Armour
 + Level 5.2 Dodging
 + Level 0.1 Stealth
 + Level 2.9 Shields


You had 8 spell levels left.
You didn't know any spells.

Dungeon Overview and Level Annotations

Branches:
Dungeon (8/15)
 Temple: D:4-7         Lair: D:8-11

Altars:
Ashenzari
Elyvilon
Gozag
Makhleb
Okawaru
Pakellas
Ru
Trog
Vehumet
Zin


Innate Abilities, Weirdness & Mutations

You occasionally shout uncontrollably at your foes.


Message History

You feel sick.
* * * LOW HITPOINT WARNING * * *
You feel sick.
You see here an ugly thing corpse.
You butcher the ugly thing corpse.
You enjoyed that.
* * * LOW HITPOINT WARNING * * *
You feel sick.
You see here 3 mutagenic chunks of flesh.
You feel a strong urge to attack something.
You are no longer berserk.
You are exhausted.
You feel yourself slow down.
* * * LOW HITPOINT WARNING * * *
You feel sick.
* * * LOW HITPOINT WARNING * * *
You feel very sick.
You see here 3 mutagenic chunks of flesh.
* * * LOW HITPOINT WARNING * * *
You feel very sick.
You die...

#.......#
+.......#
#.......#
#.......#
#.......#
#...##..#
###.%.#
..#
#.....#
..#
#...@.+
.#
####..#
#..# #..#
+..# ####


There were no monsters in sight!

Vanquished Creatures
  An ugly thing (D:8)
  The ghost of taozee the Skirmisher, a novice DsFi (D:6)
  3 sky beasts
  An orc warrior (D:7)
  2 ice beasts
  A phantom (D:7)
  An ogre (D:6)
  A scorpion (D:4)
  4 wights (D:7)
  2 howler monkeys
  2 crimson imps (D:7)
  A jelly (D:5)
  2 orc priests
  2 orc wizards
  An iguana (D:6)
  4 worker ants
  5 adders
  2 oozes
  An adder skeleton (D:4)
  An adder zombie (D:5)
  A worm (D:5)
  4 dart slugs
  A giant gecko (D:3)
  18 orcs
  A ball python (D:6)
  6 bats
  2 giant cockroaches
  4 goblins (D:1)
  6 hobgoblins
  6 jackals (D:3)
  7 kobolds
  4 quokkas
  A giant gecko skeleton (D:4)
  2 giant newts
  4 rats (D:1)
105 creatures vanquished.

Notes
Turn   | Place    | Note
--------------------------------------------------------------
     0 | D:1      | Grapebear the Hill Orc Berserker began the quest for the Orb.
     0 | D:1      | Reached XP level 1. HP: 19/19 MP: 1/1
   117 | D:1      | Reached XP level 2. HP: 24/27 MP: 2/2
   408 | D:1      | Found a shattered altar of Ashenzari.
   526 | D:1      | Reached XP level 3. HP: 33/33 MP: 3/3
   557 | D:1      | Reached ** piety under Trog
   646 | D:2      | Found a shattered altar of Ashenzari.
   646 | D:2      | Found a radiant altar of Vehumet.
   647 | D:2      | Found an oddly glowing altar of Pakellas.
   647 | D:2      | Found an iron altar of Okawaru.
   649 | D:2      | Found an opulent altar of Gozag.
   712 | D:2      | You fall through a shaft!
   894 | D:3      | Reached skill level 5 in Axes
  1002 | D:2      | Found a bloodstained altar of Trog.
  1033 | D:3      | Reached XP level 4. HP: 34/40 MP: 4/4
  1075 | D:3      | Found a white marble altar of Elyvilon.
  1159 | D:3      | Gained mutation: You possess an exceptional clarity of mind. [potion of mutation]
  1159 | D:3      | Lost mutation: You possess an exceptional clarity of mind. [potion of mutation]
  1159 | D:3      | Gained mutation: You occasionally shout uncontrollably at your foes. [potion of mutation]
  1227 | D:2      | Found a glowing silver altar of Zin.
  1271 | D:2      | Found a sacrificial altar of Ru.
  1380 | D:2      | Found a burning altar of Makhleb.
  1673 | D:4      | Got a fine cloak
  1679 | D:4      | Identified the cursed +0 cloak "Uzaquxe" {rElec rF- rC++ Slay+3} (You found it on level 4 of the Dungeon)
  1687 | D:4      | Reached XP level 5. HP: 46/46 MP: 5/5
  1738 | D:5      | Entered Level 5 of the Dungeon
  1763 | D:5      | Reached *** piety under Trog
  1765 | D:5      | Noticed a sky beast
  1836 | D:4      | Killed a sky beast
  1836 | D:4      | Reached XP level 6. HP: 23/53 MP: 6/6
  1945 | D:4      | Reached skill level 6 in Axes
  1993 | D:5      | Noticed an ice beast
  2009 | D:5      | Killed an ice beast
  2009 | D:5      | Reached skill level 5 in Fighting
  2009 | D:5      | Reached XP level 7. HP: 27/61 MP: 7/7
  2086 | D:5      | Reached skill level 1 in Shields
  2402 | D:6      | Noticed taozee's ghost (novice DsFi)
  2417 | D:6      | Killed taozee's ghost
  2417 | D:6      | Reached skill level 7 in Axes
  2417 | D:6      | Reached XP level 8. HP: 24/70 MP: 8/8
  2479 | D:6      | Reached skill level 5 in Armour
  2714 | D:6      | Reached skill level 8 in Axes
  2723 | D:6      | Reached **** piety under Trog
  2934 | D:7      | Reached skill level 5 in Dodging
  3192 | D:7      | Reached XP level 9. HP: 75/78 MP: 9/9
  3206 | D:7      | Reached skill level 9 in Axes
  3250 | D:8      | Noticed a green ugly thing
  3268 | D:8      | Killed a green ugly thing
  3275 | D:8      | HP: 1/79 [poisoned by a green ugly thing]
  3276 | D:8      | Succumbed to a green ugly thing's poison

Skill      XL: |  1  2  3  4  5  6  7  8  9 |
---------------+----------------------------+-----
Fighting       | 4 5 6 7 |  7.4
Dodging        | 2 3 4 5 |  5.2
Axes           | 5 6 7 8 9 |  9.6
Armour         | 3 4 5 6 |  6.0
Shields        | 1 2 |  2.9
Stealth        | |  0.1

Action                   |  1- 3 |  4- 6 |  7- 9 || total
-------------------------+-------+-------+-------++-------
Melee: Hand axe          |    71 |       |       ||    71
       Rapier            |    11 |    25 |       ||    36
       War axe           |       |   103 |   131 ||   234
Invok: Berserk           |     1 |     2 |     5 ||     8
  Use: Potion            |     2 |     3 |     2 ||     7
       Scroll            |     7 |     4 |     1 ||    12
  Eat: Bread ration      |     2 |       |     1 ||     3
       Meat ration       |       |     1 |     1 ||     2
       Beef jerky        |       |     1 |     1 ||     2
       Fruit             |       |       |     1 ||     1
       Pizza             |       |       |     1 ||     1
Armor: Ring mail         |    17 |       |       ||    17
       Scale mail        |    22 |   116 |    51 ||   189
       Chain mail        |       |       |     9 ||     9
Dodge: Dodged            |    61 |    82 |    54 ||   197
Block: Buckler           |     9 |    27 |    23 ||    59
